Map: Magannatha LE

Players

Orpheus - Winner!

  • Race: Terran Terran
  • Spawn Location: 11:00

VOD

Have the link to the VOD?

Description

Time

  • Played on: July 29, 2025, 9:38 a.m.
  • Length: 34:41
Show
View Real Time Build Order
Export as new Build Order

Orpheus Terran - Winner!

Build Orders:  

Get SALT Encoding   

  12  0:00  SCV  
  13  0:17  SCV  
  14  0:25  Supply Depot  
  14  0:34  SCV  
  15  0:55  SCV  
  15  0:58  Barracks  
  16  1:04  Refinery  
  16  1:12  SCV  
  17  1:29  SCV  
  18  1:46  SCV  
  19  2:03  Orbital Command  
  19  2:17  Command Center  
  19  2:32  Barracks  
  19  2:40  Barracks Reactor  
  19  2:50  Supply Depot  
  19  2:57  SCV  
  20  3:15  Refinery  
  20  3:24  SCV  
  20  3:26  Factory  
  21  3:34  Marine x2  
  23  3:45  SCV  
  24  3:50  Barracks Tech Lab  
  24  4:00  Marine  
  24  4:01  Marine  
  24  4:02  SCV  
  24  4:09  SCV  
  28  4:12  Stimpack  
  28  4:15  Marine  
  29  4:25  Marine  
  29  4:29  Factory Reactor, Starport  
  30  4:42  Marine x2  
  30  4:48  Orbital Command  
  32  4:52  Marine  
  33  5:03  SCV  
  34  5:16  Supply Depot, Marine x2  
  36  5:32  SCV x2  
  36  5:36  Medivac x2  
  42  5:40  Marine  
  42  5:44  Marine x2  
  42  5:48  Factory Tech Lab  
  45  5:58  Supply Depot  
  45  6:04  SCV  
  45  6:05  Marine  
  47  6:13  Marine x2  
  47  6:15  Siege Tank  
  52  6:31  Marine  
  52  6:38  Marine x2, SCV  
  52  6:39  SCV  
  57  6:55  Medivac, SCV  
  57  6:56  Marine  
  61  7:02  Supply Depot  
  61  7:03  Marine  
  61  7:06  Refinery  
  62  7:35  Siege Tank  
  62  7:37  SCV x2  
  67  7:54  SCV x2  
  69  8:02  Command Center  
  69  8:04  Supply Depot  
  69  8:07  Supply Depot  
  69  8:11  SCV, Engineering Bay  
  70  8:25  SCV  
  63  8:47  Siege Tank  
  66  8:50  SCV  
  66  8:53  Terran Infantry Weapons Level 1  
  67  9:03  Barracks  
  67  9:06  Barracks x2  
  67  9:09  Marine  
  68  9:10  Marine x2  
  68  9:19  Supply Depot  
  70  9:23  SCV x2  
  72  9:31  Refinery  
  72  9:32  Siege Tank  
  75  9:50  Marine x3  
  75  9:57  Medivac  
  80  10:02  Orbital Command  
  80  10:15  Marine x3  
  74  10:41  Barracks Reactor  
  74  10:42  Barracks Reactor x2  
  74  10:45  Barracks Tech Lab  
  74  10:53  SCV  
  74  10:54  SCV  
  74  10:59  Marine x3  
  79  11:09  Siege Tank  
  82  11:12  SCV x2  
  82  11:14  SCV  
  85  11:24  Marine x3  
  85  11:29  SCV x2  
  90  11:31  SCV  
  91  11:45  Marine x5  
  91  11:46  SCV x2  
  91  11:49  Marine x3  
  101  11:50  Medivac  
  101  11:51  Siege Tank x4  
  101  11:54  Siege Tank  
  74  12:10  Marine x3, Terran Infantry Armor Level 1  
  106  12:12  Ghost Academy  
  109  12:31  Supply Depot  
  109  12:35  Supply Depot  
  109  12:37  Supply Depot  
  109  13:01  SCV x3, Marine x3  
  109  13:03  Marine x2  
  109  13:05  Marine x2, Siege Tank  
  123  13:18  SCV x3  
  128  13:26  Marine x2  
  128  13:28  Marine  
  131  13:41  Supply Depot  
  131  13:43  Supply Depot  
  131  13:45  Refinery  
  131  13:46  Supply Depot x2, Refinery  
  131  13:51  Marine  
  131  13:52  Marine, Unknown  
  133  14:01  Ghost Academy  
  133  14:11  Marine x5  
  133  14:16  Marine  
  133  14:18  Unknown  
  133  14:51  Unknown  
  136  15:09  Personal Cloaking  
  136  15:19  Marine x4  
  140  15:20  Marine x3  
  143  15:30  Barracks  
  143  15:31  Marine, Unknown, Barracks  
  143  15:35  Command Center  
  143  15:36  Barracks  
  144  15:44  Marine x2  
  149  15:58  Siege Tank  
  155  16:04  Unknown  
  155  16:29  Unknown  
  158  16:36  Supply Depot, Unknown  
  158  16:39  Supply Depot  
  158  16:43  Siege Tank  
  158  16:45  Supply Depot, Marine  
  158  16:46  Marine x3  
  165  16:50  Barracks Reactor  
  165  16:53  Barracks Reactor  
  165  16:54  Barracks Reactor  
  165  17:06  Marine x2  
  165  17:08  Supply Depot  
  165  17:09  Unknown  
  167  17:12  Supply Depot  
  167  17:40  Supply Depot  
  164  18:14  Marine x9  
  164  18:15  Marine x3  
  176  18:32  Marine x2  
  176  18:34  Siege Tank  
  176  18:39  Marine x5  
  186  18:57  SCV  
  186  18:58  SCV  
  189  19:07  Planetary Fortress  
  188  19:13  Missile Turret  
  188  19:14  Missile Turret  
  188  19:19  Siege Tank  
  191  19:26  Unknown x2  
  191  19:27  Marine x3  
  191  19:28  Marine x3  
  197  20:04  Siege Tank  
  183  20:33  SCV  
  183  20:34  SCV x2  
  186  21:23  Marine  
  186  21:24  Marine x6  
  186  21:25  Marine x7  
  200  21:46  Command Center  
  200  21:58  Command Center  
  200  22:05  Unknown x2  
  200  22:07  Ghost Academy  
  200  22:10  Ghost Academy  
  200  22:16  Ghost Academy  
  194  23:39  Planetary Fortress  
  191  23:51  Refinery  
  191  23:52  Marine  
  191  23:53  Marine x8  
  191  23:59  Refinery  
  200  24:11  Unknown  
  200  24:12  Unknown x3  
  200  24:13  Unknown  
  197  24:23  Siege Tank x10  
  200  24:39  Planetary Fortress  
  200  24:44  Missile Turret  
  200  24:48  Siege Tank x10  
  200  25:03  Unknown  
  200  25:12  Missile Turret  
  196  25:39  Missile Turret  
  193  26:10  Missile Turret  
  193  26:13  Siege Tank x5  
  193  26:14  Siege Tank x6  
  159  26:36  Siege Tank x4  
  159  26:39  Marine x3, Missile Turret  
  159  26:40  Marine x5  
  159  26:41  Marine x6  
  168  27:04  Marine x3  
  168  27:05  Marine x5  
  168  27:06  Marine  
  161  27:14  Marine  
  161  27:15  Marine x4  
  166  27:29  Marine x3  
  152  27:30  Marine x6  
  152  27:33  Siege Tank x5  
  158  28:17  Siege Tank x6  
  158  28:18  Siege Tank x5  
  158  28:45  Unknown x2  
  164  29:25  Unknown x2  
  170  30:05  Unknown x2  
  170  30:13  Siege Tank x2  
  170  30:45  Unknown  
  166  33:01  Siege Tank x5  
  166  33:02  Siege Tank  
  166  33:48  Unknown x2  
  165  33:51  Unknown  
  165  33:52  Unknown  
Tags
 
Add a new tag
Caveats
  • Supply blocks, unpowered buildings, or Contaminate may cause inaccurate times.
  • Supply counts are checked every 10 seconds.